 Dungeon Crawl Stone Soup version 0.19.0-19-g8c6edcc (webtiles) character file.

543 HungrySpirit the Chopper (level 7, -5/55 HPs)
             Began as a Mummy Gladiator on Nov 13, 2016.
             Slain by a mummy (8 damage)
             ... in an ossuary.
             The game lasted 00:04:37 (2609 turns).

HungrySpirit the Chopper (Mummy Gladiator)          Turns: 2609, Time: 00:04:37

Health: -5/55      AC: 11    Str: 20    XL:     7   Next: 6%
Magic:  7/7        EV:  6    Int:  7    God:
Gold:   117        SH:  0    Dex: 13    Spells: 0 memorised, 6 levels left

rFire  x . .     SeeInvis .     a - +0 war axe
rCold  + . .     Gourm    .     m - +0 plate armour
rNeg   + + +     Faith    .     (no shield)
rPois  ∞         Spirit   .     c - +0 helmet
rElec  .         Reflect  .     (no cloak)
rCorr  .         Harm     .     (no gloves)
MR     .....                    (no boots)
Stlth  ..........               (no amulet)
                                (no ring)
                                (no ring)

@: no status effects
A: no food or potions, fire vulnerability, cold resistance 1, negative energy
resistance 3, torment resistance, unbreathing
a: no special abilities


You were in an ossuary.
You were not hungry.

You visited 1 branch of the dungeon, and saw 4 of its levels.
You also visited: Ossuary.

You collected 117 gold pieces.

Inventory:

Hand Weapons
 a - a +0 war axe (weapon)
Missiles
 d - 3 throwing nets (quivered)
Armour
 c - a +0 helmet (worn)
 m - a +0 plate armour (worn)
Scrolls
 e - a scroll of magic mapping {unknown}
 f - 2 scrolls of teleportation {unknown}
 g - 3 scrolls of identify {unknown}
 h - a scroll of immolation {unknown}
 i - a scroll of noise {unknown}
 j - a scroll of enchant armour {unknown}
 k - 2 scrolls of fear {unknown}
 l - 3 scrolls of remove curse {unknown}


   Skills:
 + Level 4.6 Fighting
 * Level 5.7 Axes
 - Level 1.5 Throwing
 - Level 2.4 Dodging


You had 6 spell levels left.
You didn't know any spells.

Dungeon Overview and Level Annotations

Branches:
Dungeon (4/15)
 Temple: D:4-7

Altars:

Shops:
D:4 =

Annotations:
D:4 Sigmund


Innate Abilities, Weirdness & Mutations

You do not eat or drink.
Your flesh is vulnerable to fire.
You are immune to poison.
Your flesh is cold resistant. (rC+)
You are immune to negative energy. (rN+++)
You are immune to unholy pain and torment.
You can survive without breathing.


Message History

You have reached level 7!
You slash the mummy! You barely miss the mummy.
The mummy completely misses you.
Your plate armour prevents you from hitting the mummy.
The mummy is severely damaged.
You hit the mummy but do no damage. You barely miss the mummy.
The mummy hits you but does no damage.
Unknown command.
Unknown command.
You hit the mummy.
You destroy the mummy!
You slash the mummy! x2; The mummy hits you but does no damage. x2
Unknown command.
Unknown command.
You hit the mummy but do no damage.
The mummy is severely damaged.
You slash the mummy!
You destroy the mummy!
The mummy hits you!
You die...

#....#
#....#
#....#
#....#
#....#
#....#
#....#
#....#
#.∩M@#
######


You could see a mummy.

Vanquished Creatures
  A phantom (D:4)
  Blork the orc (D:4)
  An orc priest (D:4)
  4 orc wizards
  An iguana (D:4)
  A worker ant (D:4)
  3 mummies (Ossuary)
  4 adders
  An ooze (D:1)
  3 worms
  A dart slug (D:1)
  3 leopard geckos
  9 orcs
  3 giant cockroaches
  A gnoll zombie (Ossuary)
  7 hobgoblins
  6 jackals
  A quokka (D:4)
  5 bats
  7 frilled lizards
  4 goblins
  3 hobgoblin zombies (Ossuary)
  12 kobolds
  2 kobold zombies (Ossuary)
  2 orc zombies (Ossuary)
  2 quokka zombies (D:4)
  37 rats
125 creatures vanquished.

Notes
Turn   | Place    | Note
-------+----------+-------------------------------------------
     0 | D:1      | HungrySpirit the Mummy Gladiator began the quest for the Orb.
     0 | D:1      | Reached XP level 1. HP: 16/16 MP: 1/1
   118 | D:1      | Reached XP level 2. HP: 19/22 MP: 2/2
   355 | D:1      | Reached skill level 3 in Axes
   488 | D:1      | Reached XP level 3. HP: 28/28 MP: 3/3
   550 | D:2      | Found a faded altar of an unknown god.
   869 | D:2      | Reached XP level 4. HP: 24/34 MP: 4/4
  1416 | D:3      | Reached skill level 4 in Axes
  1471 | D:3      | Reached XP level 5. HP: 41/41 MP: 5/5
  1915 | D:4      | Noticed a phantom
  1943 | D:4      | Killed a phantom
  1943 | D:4      | Reached XP level 6. HP: 27/48 MP: 6/6
  2028 | D:4      | Found Festialo's Jewellery Emporium.
  2039 | D:4      | Reached skill level 5 in Axes
  2198 | D:4      | Noticed Sigmund
  2321 | D:4      | Noticed Blork the orc
  2330 | D:4      | Killed Blork the orc
  2373 | D:4      | Found a sand-covered staircase.
  2389 | Ossuary  | Entered an ossuary
  2605 | Ossuary  | HP: 2/49 [mummy (13)]
  2606 | Ossuary  | Reached XP level 7. HP: 2/55 MP: 7/7
  2609 | Ossuary  | Slain by a mummy

Skill      XL: |  1  2  3  4  5  6 |
---------------+-------------------+-----
Axes           | 3 4 5 |  5.7
Fighting       | 3 4 |  4.6
Throwing       | |  1.5
Dodging        | |  2.4

Action                   |  1- 3 |  4- 6 |  7- 9 || total
-------------------------+-------+-------+-------++-------
Melee: War axe           |   120 |   237 |     3 ||   360
 Stab: Sleeping          |     1 |       |       ||     1
Armor: Leather armour    |    42 |    23 |       ||    65
       Plate armour      |       |    99 |     3 ||   102
Dodge: Dodged            |    75 |   107 |     1 ||   183
